% Time on Ice - CALGARY FIREMEN
Lines # - Real PCT - Wanted PCT - Time Play
Normal Forward
1 - 33% - 33% - 16:50
2 - 32% - 31% - 16:12
3 - 27% - 26% - 13:48
4 - 9% - 10% - 4:28
Normal Defense
1 - 33% - 33% - 17:11
2 - 33% - 31% - 16:42
3 - 28% - 26% - 14:34
4 - 6% - 10% - 2:51
PP Forward
1 - 66% - 50% - 3:08
2 - 34% - 50% - 1:36
PP Defense
1 - 45% - 50% - 2:07
2 - 55% - 50% - 2:37
PK Forward
1 - 40% - 50% - 1:35
2 - 60% - 50% - 2:23
PK Defense
1 - 58% - 50% - 2:19
2 - 42% - 50% - 1:39
PK3 Forward
1 - 0% - 50%
2 - 0% - 50%
PK3 Defense
1 - 0% - 50%
2 - 0% - 50%
44 Forward
1 - 0% - 55%
2 - 0% - 45%
44 Defense
1 - 0% - 55%
2 - 0% - 45%
Last Minute Offensive  - 0:00
Last Minute Defensive  - 0:00
Total
Forward - 60:00
Defense - 60:00
% Time on Ice - VICTORIA GLADIATORS
Lines # - Real PCT - Wanted PCT - Time Play
Normal Forward
1 - 37% - 37% - 19:14
2 - 32% - 31% - 16:19
3 - 22% - 22% - 11:05
4 - 9% - 10% - 4:40
Normal Defense
1 - 37% - 36% - 19:00
2 - 34% - 32% - 17:33
3 - 24% - 24% - 12:23
4 - 5% - 8% - 2:22
PP Forward
1 - 53% - 52% - 2:06
2 - 47% - 48% - 1:52
PP Defense
1 - 53% - 52% - 2:06
2 - 47% - 48% - 1:52
PK Forward
1 - 49% - 52% - 2:20
2 - 51% - 48% - 2:24
PK Defense
1 - 75% - 52% - 3:33
2 - 25% - 48% - 1:11
PK3 Forward
1 - 0% - 52%
2 - 0% - 48%
PK3 Defense
1 - 0% - 52%
2 - 0% - 48%
44 Forward
1 - 0% - 52%
2 - 0% - 48%
44 Defense
1 - 0% - 52%
2 - 0% - 48%
Last Minute Offensive  - 0:00
Last Minute Defensive  - 0:00
Total
Forward - 60:00
Defense - 60:00
Play-by-Play 1st period 0:01 of 1st period - Carl Soderberg wins face-off versus Ryan Johansen in neutral zone. 0:19 of 1st period - Minor Penalty to Ryan Johansen for Tripping. 0:20 of 1st period - Luke Glendening wins face-off versus Frans Nielsen in CALGARY FIREMEN zone. 0:20 of 1st period - Luke Glendening is hit by Zack Smith. 0:27 of 1st period - Shot by Nick Foligno. 0:27 of 1st period - Shot Misses the Net. 0:29 of 1st period - Shot by Nick Foligno. 0:29 of 1st period - Deflect By Frans Nielsen. 0:29 of 1st period - Shot Blocked by Luke Glendening. 0:38 of 1st period - Shot by Nick Foligno. 0:38 of 1st period - Shot Misses the Net. 0:40 of 1st period - Shot by Zack Smith. 0:40 of 1st period - Stopped by Keith Kinkaid with a rebound. 0:58 of 1st period - Shot by Nick Foligno. 0:58 of 1st period - Shot Misses the Net. 2:49 of 1st period - Torey Krug is hit by Jonathon Merrill and loses puck. 3:17 of 1st period - Icing by Ryan Johansen. 3:18 of 1st period - Ryan Johansen wins face-off versus Lars Eller in CALGARY FIREMEN zone. 3:41 of 1st period - Marcus Johansson is hit by Ryan Stanton and loses puck. 4:02 of 1st period - Shot by Marcus Johansson. 4:02 of 1st period - Shot Blocked by Nick Foligno. 4:55 of 1st period - Alex Iafallo is hit by Luke Glendening. 5:54 of 1st period - Shot by Carl Soderberg. 5:54 of 1st period - Stopped by Keith Kinkaid without a rebound. 5:55 of 1st period - Austin Czarnik wins face-off versus Jason Spezza in CALGARY FIREMEN zone. 6:02 of 1st period - Torey Krug is hit by Colton Sceviour and loses puck. 6:14 of 1st period - Jason Spezza is hit by Brent Seabrook and loses puck. 6:29 of 1st period - Icing by Brent Seabrook. 6:30 of 1st period - Carl Soderberg wins face-off versus Austin Czarnik in CALGARY FIREMEN zone. 6:31 of 1st period - Shot by Mikkel Boedker. 6:31 of 1st period - Shot Misses the Net. 6:33 of 1st period - Shot by Carl Soderberg. 6:33 of 1st period - Deflect By Mikkel Boedker. 6:33 of 1st period - Stopped by Keith Kinkaid without a rebound. 6:34 of 1st period - Carl Soderberg wins face-off versus Adam Henrique in CALGARY FIREMEN zone. 6:38 of 1st period - Carl Soderberg is hit by Ian Cole and loses puck. 6:45 of 1st period - Colin Wilson is hit by Adam Henrique and loses puck. 6:56 of 1st period - Shot by Adam Henrique. 6:56 of 1st period - Shot Blocked by Mikkel Boedker. 7:39 of 1st period - Shot by Viktor Arvidsson. 7:39 of 1st period - Shot Misses the Net. 7:41 of 1st period - Shot by Niklas Kronwall. 7:41 of 1st period - Shot Misses the Net. 7:45 of 1st period - Shot by Filip Forsberg. 7:45 of 1st period - Stopped by Aaron Dell without a rebound. 7:46 of 1st period - Lars Eller wins face-off versus Luke Glendening in VICTORIA GLADIATORS zone. 8:25 of 1st period - Shot by Luke Glendening. 8:25 of 1st period - Deflect By Oskar Lindblom. 8:25 of 1st period - Stopped by Aaron Dell with a rebound. 8:54 of 1st period - Shot by Viktor Arvidsson. 8:54 of 1st period - Stopped by Aaron Dell without a rebound. 8:55 of 1st period - Frans Nielsen wins face-off versus Adam Henrique in VICTORIA GLADIATORS zone. 8:57 of 1st period - Minor Penalty to Adam Henrique for Interference. 8:58 of 1st period - Marcus Sorensen wins face-off versus Carl Soderberg in CALGARY FIREMEN zone. 9:11 of 1st period - Shot by Carl Soderberg. 9:11 of 1st period - Shot Blocked by Luke Glendening. 9:59 of 1st period - Shot by Nick Foligno. 9:59 of 1st period - Shot Misses the Net. 10:01 of 1st period - Shot by Zack Smith. 10:01 of 1st period - Shot Misses the Net. 11:51 of 1st period - Frans Nielsen is hit by Viktor Arvidsson and loses puck. 12:14 of 1st period - Shot by Lars Eller. 12:14 of 1st period - Shot Misses the Net. 12:19 of 1st period - Dion Phaneuf is hit by Ian Cole. 12:25 of 1st period - Shot by Lars Eller. 12:25 of 1st period - Shot Misses the Net. 12:42 of 1st period - Off-side. 12:43 of 1st period - Carl Soderberg wins face-off versus Adam Henrique in neutral zone. 14:01 of 1st period - Shot by Jason Spezza. 14:01 of 1st period - Stopped by Keith Kinkaid without a rebound. 14:02 of 1st period - Ryan Johansen wins face-off versus Lars Eller in CALGARY FIREMEN zone. 14:28 of 1st period - Shot by Ryan Johansen. 14:28 of 1st period - Stopped by Aaron Dell without a rebound. 14:29 of 1st period - Adam Henrique wins face-off versus Frans Nielsen in VICTORIA GLADIATORS zone. 14:57 of 1st period - Off-side. 14:58 of 1st period - Mikkel Boedker wins face-off versus Austin Czarnik in neutral zone. 15:30 of 1st period - Shot by Carl Soderberg. 15:30 of 1st period - Stopped by Keith Kinkaid without a rebound. 15:31 of 1st period - Adam Henrique wins face-off versus Lars Eller in CALGARY FIREMEN zone. 15:42 of 1st period - Shot by Alex Tuch. 15:42 of 1st period - Shot Misses the Net. 15:45 of 1st period - Icing by Dion Phaneuf. 15:46 of 1st period - Ryan Johansen wins face-off versus Nick Foligno in VICTORIA GLADIATORS zone. 15:55 of 1st period - Shot by Viktor Arvidsson. 15:55 of 1st period - Stopped by Aaron Dell without a rebound. 15:56 of 1st period - Colin Wilson wins face-off versus Luke Glendening in VICTORIA GLADIATORS zone. 15:56 of 1st period - Colin Wilson is hit by Oskar Lindblom. 16:01 of 1st period - Mikkel Boedker is hit by Ian Cole and loses puck. 16:12 of 1st period - Shot by Luke Glendening. 16:12 of 1st period - Shot Misses the Net. 16:14 of 1st period - Shot by Luke Glendening. 16:14 of 1st period - Shot Misses the Net. 16:49 of 1st period - Icing by Carl Soderberg. 16:50 of 1st period - Ryan Johansen wins face-off versus Carl Soderberg in VICTORIA GLADIATORS zone. 16:53 of 1st period - Shot by Filip Forsberg. 16:53 of 1st period - Shot Blocked by Carl Soderberg. 17:13 of 1st period - Shot by Zack Smith. 17:13 of 1st period - Shot Misses the Net. 17:23 of 1st period - Shot by Lars Eller. 17:23 of 1st period - Stopped by Keith Kinkaid without a rebound. 17:24 of 1st period - Adam Henrique wins face-off versus Alex Iafallo in CALGARY FIREMEN zone. 18:18 of 1st period - Shot by Zack Smith. 18:18 of 1st period - Shot Blocked by Jonathon Merrill. 18:20 of 1st period - Shot by Dion Phaneuf. 18:20 of 1st period - Shot Blocked by Alex Tuch. 18:22 of 1st period - Shot by Lars Eller. 18:22 of 1st period - Stopped by Keith Kinkaid with a rebound. 18:24 of 1st period - Shot by Lars Eller. 18:24 of 1st period - Goal by Lars Eller - CALGARY FIREMEN : 0 - VICTORIA GLADIATORS : 1. 18:25 of 1st period - Jason Spezza wins face-off versus Luke Glendening in neutral zone. 18:28 of 1st period - Shot by Jason Spezza. 18:28 of 1st period - Shot Misses the Net. 19:04 of 1st period - Shot by Luke Glendening. 19:04 of 1st period - Shot Misses the Net. 19:20 of 1st period - Icing by Carl Soderberg. 19:21 of 1st period - Carl Soderberg wins face-off versus Ryan Johansen in VICTORIA GLADIATORS zone. 19:53 of 1st period - Shot by Ryan Johansen. 19:53 of 1st period - Shot Misses the Net. 19:55 of 1st period - Shot by Viktor Arvidsson. 19:55 of 1st period - Stopped by Aaron Dell without a rebound. 19:56 of 1st period - Lars Eller wins face-off versus Adam Henrique in VICTORIA GLADIATORS zone. 19:58 of 1st period - Nick Foligno is hit by Alex Tuch and loses puck. Goals for this period are 0 for CALGARY FIREMEN vs 1 for VICTORIA GLADIATORS. Shots for this period are 6 for CALGARY FIREMEN vs 8 for VICTORIA GLADIATORS. 2nd period 0:01 of 2nd period - Luke Glendening wins face-off versus Carl Soderberg in neutral zone. 0:32 of 2nd period - Shot by Luke Glendening. 0:32 of 2nd period - Shot Misses the Net. 0:38 of 2nd period - Shot by Luke Glendening. 0:38 of 2nd period - Stopped by Aaron Dell with a rebound. 0:40 of 2nd period - Shot by Andy Greene. 0:40 of 2nd period - Stopped by Aaron Dell with a rebound. 2:12 of 2nd period - Shot by Adam Henrique. 2:12 of 2nd period - Stopped by Aaron Dell with a rebound. 3:23 of 2nd period - Icing by Viktor Arvidsson. 3:24 of 2nd period - Ryan Johansen wins face-off versus Carl Soderberg in CALGARY FIREMEN zone. 3:33 of 2nd period - Shot by Ryan Johansen. 3:33 of 2nd period - Shot Blocked by Carl Soderberg. 4:23 of 2nd period - Shot by Nick Foligno. 4:23 of 2nd period - Shot Blocked by Filip Forsberg. 4:43 of 2nd period - Shot by Nick Foligno. 4:43 of 2nd period - Stopped by Keith Kinkaid without a rebound. 4:44 of 2nd period - Adam Henrique wins face-off versus Frans Nielsen in CALGARY FIREMEN zone. 5:03 of 2nd period - Shot by Alex Tuch. 5:03 of 2nd period - Shot Blocked by Dion Phaneuf. 5:05 of 2nd period - Shot by Andy Greene. 5:05 of 2nd period - Goal by Andy Greene - CALGARY FIREMEN : 1 - VICTORIA GLADIATORS : 1. 5:06 of 2nd period - Luke Glendening wins face-off versus Carl Soderberg in neutral zone. 5:10 of 2nd period - Colton Sceviour is hit by T.J. Brennan and loses puck. 5:33 of 2nd period - Shot by Colin Wilson. 5:33 of 2nd period - Shot Hit the Post. 5:38 of 2nd period - Off-side. 5:39 of 2nd period - Adam Henrique wins face-off versus Lars Eller in neutral zone. 5:41 of 2nd period - Marcus Johansson is hit by Zach Trotman and loses puck. 6:02 of 2nd period - Shot by Nick Foligno. 6:02 of 2nd period - Shot Misses the Net. 6:35 of 2nd period - Off-side. 6:36 of 2nd period - Carl Soderberg wins face-off versus Luke Glendening in neutral zone. 7:07 of 2nd period - Shot by Luke Glendening. 7:07 of 2nd period - Stopped by Aaron Dell without a rebound. 7:08 of 2nd period - Ryan Johansen wins face-off versus Frans Nielsen in VICTORIA GLADIATORS zone. 7:22 of 2nd period - Off-side. 7:23 of 2nd period - Patrick Maroon wins face-off versus Marcus Johansson in neutral zone. 7:57 of 2nd period - Shot by Alex Tuch. 7:57 of 2nd period - Deflect By Adam Henrique. 7:57 of 2nd period - Shot Misses the Net. 8:27 of 2nd period - Shot by Ian Cole. 8:27 of 2nd period - Shot Misses the Net. 8:29 of 2nd period - Shot by Luke Glendening. 8:29 of 2nd period - Shot Blocked by Dion Phaneuf. 8:38 of 2nd period - Luke Glendening is hit by Dion Phaneuf and loses puck. 8:48 of 2nd period - Zach Trotman is hit by Ian Cole and loses puck. 9:38 of 2nd period - Shot by Filip Forsberg. 9:38 of 2nd period - Shot Blocked by Lars Eller. 9:40 of 2nd period - Shot by Filip Forsberg. 9:40 of 2nd period - Stopped by Aaron Dell without a rebound. 9:41 of 2nd period - Adam Henrique wins face-off versus Frans Nielsen in VICTORIA GLADIATORS zone. 9:41 of 2nd period - Alex Tuch is hit by Dion Phaneuf and loses puck. 9:50 of 2nd period - Shot by Alex Tuch. 9:50 of 2nd period - Stopped by Aaron Dell with a rebound. 9:52 of 2nd period - Shot by Andy Greene. 9:52 of 2nd period - Shot Hit the Post. 9:54 of 2nd period - Shot by Andy Greene. 9:54 of 2nd period - Shot Misses the Net. 9:58 of 2nd period - Shot by Adam Henrique. 9:58 of 2nd period - Sh